 Dungeon Crawl Stone Soup version 0.29.0-13-gc9e81de378 (webtiles) character file.

Game seed: 958370529805214185

28 funkygono the Firebug (level 3, -11/19 HPs)
             Began as a Gargoyle Fire Elementalist on Sept 11, 2022.
             Mangled by Sigmund
             ... wielding a +0 scythe
              (12 damage)
             ... on level 2 of the Dungeon.
             The game lasted 00:02:53 (1070 turns).

funkygono the Firebug (Gargoyle Fire Elementalist)  Turns: 1070, Time: 00:02:54

Health: -11/19     AC:  5    Str: 11    XL:     3   Next: 14%
Magic:  5/6        EV: 12    Int: 17    God:
Gold:   67         SH:  0    Dex: 10    Spells: 0/6 levels left

rFire   . . .      SeeInvis .   e - +0 club
rCold   . . .      Faith    .   c - orb {mayhem}
rNeg    + . .      Spirit   .   a - +0 robe
rPois   ∞          Reflect  .   (no helmet)
rElec   +          Harm     .   (no cloak)
rCorr   .          Rampage  .   (no gloves)
Will    .....                   (no boots)
Stlth   ++........              (no amulet)
HPRegen 0.06/turn               (no ring)
MPRegen 0.10/turn               (no ring)

@: very slightly contaminated
A: sickness immunity, AC +3, negative energy resistance 1, electricity
resistance, torment resistance 1, petrification resistance
a: no special abilities


You were on level 2 of the Dungeon.
You visited 1 branch of the dungeon, and saw 2 of its levels.

You collected 91 gold pieces.
You spent 24 gold pieces at shops.

Inventory:

Hand Weapons
 e - a +0 club (weapon)
Armour
 a - a +0 robe (worn)
 c - an orb of mayhem (worn)
Scrolls
 g - a scroll of poison {unknown}
 h - a scroll of butterflies {unknown}
 j - a scroll of magic mapping {unknown}
Potions
 b - a potion of magic
 d - a potion of ambrosia
 f - a potion of invisibility {unknown}
 i - a potion of flight {unknown}


   Skills:
 + Level 0.1 Fighting
 + Level 1.8 Dodging
 - Level 2.1 Stealth
 + Level 2.3 Spellcasting
 + Level 1.3 Conjurations
 + Level 3.6 Fire Magic


You couldn't memorise any spells.
You knew the following spells:

 Your Spells              Type           Power      Damage    Failure   Level
a - Foxfire               Conj/Fire      40%        2x1d6     7%          1
b - Scorch                Fire           28%        2d6       6%          2
c - Conjure Flame         Conj/Fire      10%        6-21      21%         3

Your spell library contained the following spells:

 Spells                   Type           Power      Damage    Failure   Level
 Inner Flame              Hex/Fire       8%         N/A       26%         3
 Flame Wave               Conj/Fire      10%        2d6       56%         4


Dungeon Overview and Level Annotations

Branches:
Dungeon (2/15)

Altars:

Shops:
D:1 (*

Annotations:
D:2 Sigmund


Innate Abilities, Weirdness & Mutations

You are immune to sickness and miasma.
Your stone body is resilient. (AC +3)
You are immune to poison.
You resist negative energy. (rN+)
You are resistant to electric shocks. (rElec)
You are resistant to unholy torment.
You are immune to petrification.


Message History

Unknown command.
Casting: Conjure Flame (extremely dangerous; 21% risk of failure)
Confirm with . or Enter, or press ? or * to list all spells.
The spell is extremely dangerous to miscast (21% risk of failure)!
Continue anyway?
The fire begins to smoulder!
Unknown command.
The fire ignites!
There is a stone staircase leading up here.
You climb upwards.
Reactivating autopickup.
There is a stone staircase leading down here.
Magic restored.
HP restored.
Done exploring.
You climb downwards.
Level annotation: Sigmund The frilled lizard misses you.
There is a stone staircase leading up here.
Casting: Conjure Flame (extremely dangerous; 21% risk of failure)
Confirm with . or Enter, or press ? or * to list all spells.
You miscast Foxfire.
You are very lightly contaminated with residual magic.
Nothing appears to happen.
The frilled lizard closely misses you.
Unknown command.
You miss the frilled lizard.
The frilled lizard bites you but does no damage.
You hit the frilled lizard.
You kill the frilled lizard!
Sigmund flies into a frenzy!
Sigmund closely misses you. Sigmund hits you with a +0 scythe!
Ouch! That really hurt!
* * * LOW HITPOINT WARNING * * *
You see here a frilled lizard corpse.
Sigmund attacks as you move away! Sigmund hits you with a +0 scythe.
* * * LOW HITPOINT WARNING * * *
There is a stone staircase leading up here.
Unknown command.
Sigmund hits you from afar with a +0 scythe!
Ouch! That really hurt!
You die...

.....#...######
...#.#.#.l##########
.........S..S........
#..#....####.####...
..#####..###.####.# ##
#.....##.....)#
#.......>..####
#.....####@###
#..........†@# #
#......###.#.###...#
#............÷......
#....................
...#######........####
... ...........# ##
###[.......#
#........# #######..#


You could see the neutral Sigmund (fast, strong, insane).

Vanquished Creatures
  An endoplasm (D:1)
  A goblin (D:2)
  4 hobgoblins
  6 quokkas
  2 ball pythons (D:1)
  2 bats
  3 frilled lizards
  A kobold (D:1)
  3 rats (D:1)
23 creatures vanquished.

Vanquished Creatures (collateral kills)
  An endoplasm (D:1)
  A goblin (D:1)
  A ball python (D:1)
3 creatures vanquished.

Vanquished Creatures (others)
  58 foxfires
58 creatures vanquished.

Grand Total: 84 creatures vanquished

Notes
Turn   | Place    | Note
-------+----------+-------------------------------------------
     0 | D:1      | funkygono the Gargoyle Fire Elementalist began the quest
                  | for the Orb.
     0 | D:1      | Reached XP level 1. HP: 10/10 MP: 3/3
   274 | D:1      | Reached XP level 2. HP: 15/15 MP: 3/5
   379 | D:1      | Found Teahaf's Weapon Shop.
   437 | D:1      | Found Oppephof's General Store.
   497 | D:1      | Learned a level 2 spell: Scorch
   541 | D:1      | Found a faded altar of an unknown god.
   581 | D:1      | Bought a scroll of identify for 24 gold pieces
   844 | D:2      | Reached XP level 3. HP: 18/19 MP: 4/6
   848 | D:2      | Learned a level 3 spell: Conjure Flame
   947 | D:2      | Noticed Sigmund
  1070 | D:2      | Mangled by Sigmund

Illustrated notes

Levels and vault maps discovered:
D:1:      minmay_arrival_loop, layout_rooms,
          shapermc_ecumenical_altar_mp_ritualfount, serial_shops,
          nicolae_shop_statue_plus, nicolae_shop_stone, minmay_circled_x
D:2:      layout_rooms, uniq_sigmund

Action                   || total
-------------------------++-------
Melee: Club              ||     9
 Cast: Foxfire           ||    31
       Conjure Flame     ||     1
       Scorch            ||     1
  Use: Scroll            ||     1
Armor: Robe              ||     7
Dodge: Dodged            ||    12
